 Dungeon Crawl Stone Soup version 0.27-a0-1548-gf8a67e7463 (webtiles) character file.

Game seed: 14185318993622563267

11 tilp the Caller (level 2, -1/22 HPs)
             Began as a Barachi Summoner on July 13, 2021.
             Slain by a kobold (19 damage)
             ... on level 1 of the Dungeon.
             The game lasted 00:01:25 (941 turns).

tilp the Caller (Barachi Summoner)                   Turns: 941, Time: 00:01:25

Health: -1/22      AC:  3    Str:  9    XL:     2   Next: 29%
Magic:  1/5        EV: 11    Int: 15    God:
Gold:   6          SH:  0    Dex: 12    Spells: 2/5 levels left

rFire    . . .     SeeInvis .   a - +0 mace (protect)
rCold    . . .     Faith    .   (no shield)
rNeg     . . .     Spirit   .   e - +0 leather armour
rPois    .         Reflect  .   (no helmet)
rElec    .         Harm     .   (no cloak)
rCorr    .         Rampage  .   (no gloves)
Will     .....                  (no boots)
Stlth    ++........             (no amulet)
HPRegen  0.07/turn              (no ring)
MPRegen  0.09/turn              (no ring)

@: slow
A: amphibious, slowness 1, strong legs 1, +LOS
a: Hop


You were on level 1 of the Dungeon.
You visited 1 branch of the dungeon, and saw 1 of its levels.

You collected 6 gold pieces.

Inventory:

Hand Weapons
 a - a +0 mace of protection (weapon)
 b - a +0 dagger
Armour
 e - a +0 leather armour (worn)
Scrolls
 c - 3 scrolls of identify {unknown}
 d - a scroll of magic mapping {unknown}
 f - a scroll of noise {unknown}


   Skills:
 - Level 2.0 Fighting
 - Level 2.1 Dodging
 - Level 1.7 Stealth
 + Level 2.3 Spellcasting
 + Level 4.9 Summonings


You had 2 spell levels left.
You knew the following spells:

 Your Spells              Type           Power      Damage    Failure   Level
a - Summon Small Mammal   Summ           64%        N/A       4%          1
b - Call Imp              Summ           16%        N/A       6%          2

Your spell library contained the following spells:

 Spells                   Type           Power      Damage    Failure   Level
 Call Canine Familiar     Summ           16%        N/A       12%         3
 Summon Guardian Golem    Hex/Summ       9%         N/A       32%         3
 Summon Lightning Spire   Summ/Air       9%         N/A       73%         4


Dungeon Overview and Level Annotations

Branches:
Dungeon (1/15)

Altars:

Annotations:
D:1 exclusion: gnoll


Innate Abilities, Weirdness & Mutations

You are amphibious.
You cover ground slowly.
You can hop short distances.
You have an extended range of vision and can be seen from far away.


Message History

Your iron imp disappears in a puff of smoke!
A kobold comes into view. It is wielding a +0 short sword.
The kobold shouts!
Casting: Call Imp (safe; 6% risk of failure)
Confirm with . or Enter, or press ? or * to list all spells.
A beastly little devil appears in a puff of flame.
Casting: Call Imp (safe; 6% risk of failure)
Confirm with . or Enter, or press ? or * to list all spells.
A beastly little devil appears in a puff of flame.
Your crimson imp blinks!
Your crimson imp hits the kobold.
The kobold dies!
No target in view!
No target in view!
Your crimson imp blinks!
Your crimson imp blinks!
Your crimson imp disappears in a puff of smoke!
You swap places.
Things that are here:
a +0 short sword; a +0 hand axe; a kobold corpse A kobold comes into view.
It is wielding a +1 dagger of electrocution.
The kobold shouts!
The kobold throws a stone.
The stone barely misses you.
Unknown command.
Casting: Call Imp (safe; 6% risk of failure)
Confirm with . or Enter, or press ? or * to list all spells.
A beastly little devil appears in a puff of frigid air.
Casting: Call Imp (safe; 6% risk of failure)
Confirm with . or Enter, or press ? or * to list all spells.
A beastly little devil appears in a puff of frigid air.
You swap places.
Your white imp disappears in a puff of smoke!
Your crimson imp blinks!
The kobold throws a stone.
The stone closely misses you. The stone barely misses your white imp.
The kobold barely misses you.
The kobold hits you with a +1 dagger of electrocution.
You are electrocuted!!
Ouch! That really hurt!
You die...

.....# #....# #.....#...
.....# #.... #.....#.##
###### #...#. #.....#.#
#...#.##......#.#
#...#..#......#.#
#...##.#......#.#
#...##..##....#.#.
#######K.....>......#.#.
#...§5.@.........†..#.#.
#....5.............##.##
#..................##.#
#####...5.............##
#...........###.....
#........#### #.####
#.....)..# ....
#........# .....# .
#........##..###....


You could see a kobold, 2 friendly crimson imps and a friendly white imp
(summoned).

Vanquished Creatures
  2 bats (D:1)
  3 ball pythons (D:1)
  A frilled lizard (D:1)
  A goblin (D:1)
7 creatures vanquished.

Vanquished Creatures (collateral kills)
  A ball python (D:1)
  An endoplasm (D:1)
  A goblin (D:1)
  A hobgoblin (D:1)
  2 kobolds (D:1)
  A quokka (D:1)
  A bat (D:1)
8 creatures vanquished.

Grand Total: 15 creatures vanquished

Notes
Turn   | Place    | Note
-------+----------+-------------------------------------------
     0 | D:1      | tilp the Barachi Summoner began the quest for the Orb.
     0 | D:1      | Reached XP level 1. HP: 13/13 MP: 3/3
    69 | D:1      | Reached skill level 1 in Fighting
   488 | D:1      | Reached XP level 2. HP: 22/22 MP: 5/5
   491 | D:1      | Learned a level 2 spell: Call Imp
   723 | D:1      | Found a faded altar of an unknown god.
   941 | D:1      | Slain by a kobold

Illustrated notes

Levels and vault maps discovered:
D:1:      scummos_arrival_hexagon, layout_basic,
          shapermc_ecumenical_altar_mp_vishouse

Skill      XL: |  1  2 |
---------------+-------+-----
Fighting       | 1 2 |  2.0
Dodging        | |  2.1
Stealth        | |  1.7
Spellcasting   | |  2.3
Summonings     | |  4.9

Action                   || total
-------------------------++-------
Melee: Mace              ||    31
 Cast: Summon Small Mamm ||     7
       Call Imp          ||    12
Armor: Leather armour    ||    11
       Robe              ||     3
Dodge: Dodged            ||    34

Table legend: (Time is in decaauts)
 A = Elapsed time spent in this place.
 B = Non-inter-level travel time spent in this place.
 C = Inter-level travel time spent in this place.
 D = Time resting spent in this place.
 E = Time spent auto-exploring this place.
 F = Levels seen in this place.
 G = Mean time per level.
                   A        B        C        D        E       F      G
               +--------+--------+--------+--------+--------+-----+--------+
         Total |   1002 |   1002 |      0 |    427 |    401 |   1 | 1002.0 |
       Dungeon |   1002 |   1002 |      0 |    427 |    401 |   1 | 1002.0 |
               +--------+--------+--------+--------+--------+-----+--------+

Top non-repeatable levels by time:
     D:1: 1002 daAuts
